 Dungeon Crawl Stone Soup version 0.16.2-12-gd0ad4c3 (webtiles) character file.

182 schauveau the Digger (level 5, 0/28 HPs)
             Began as a Gargoyle Earth Elementalist on Oct 29, 2015.
             Slain by an ogre
             ... wielding a +0 giant club
              (21 damage)
             ... on level 4 of the Dungeon.
             The game lasted 00:12:33 (3369 turns).

schauveau the Digger (Gargoyle Earth Elementalist)  Turns: 3369, Time: 00:12:33

Health: 0/28       AC:  7    Str: 12    XL:     5   Next: 61%
Magic:  7/11       EV: 11    Int: 16    God:
Gold:   255        SH:  0    Dex: 10    Spells: 3 memorised, 4 levels left

rFire  . . .     SeeInvis .     b - 161 stones
rCold  . . .     Clarity  .     n - +0 leather armour
rNeg   + . .     SustAb   .     (no shield)
rPois  ∞         Gourm    .     (no helmet)
rElec  +         Spirit   .     (no cloak)
rCorr  .         Warding  .     (no gloves)
rMut   .         Stasis   .     (no boots)
MR     .....                    (no amulet)
Stlth  ++........               (no ring)
                                (no ring)

@: not resistant to hostile enchantments, unstealthy
A: negative energy resistance 1, electricity resistance, unbreathing,
petrification resistance, rot immunity, AC +4
a: no special abilities


You were on level 4 of the Dungeon.
You were hungry.

You visited 1 branch of the dungeon, and saw 5 of its levels.

You collected 255 gold pieces.

Inventory:

Hand weapons
 a - a +0 mace
 f - a +0 whip
Missiles
 b - 161 stones (in hand)
 h - 22 steel bolts
 l - 8 tomahawks (quivered)
Armour
 c - a +0 robe
 n - a +0 leather armour (worn)
Jewellery
 k - an uncursed amulet of guardian spirit
Potions
 e - a potion of agility {unknown}
 i - a potion of curing
Books
 d - a book of Geomancy

   Spells                             Type                      Level
   a - Sandblast                      Earth                        1
   b - Stoneskin                      Transmutation/Earth          2
   c - Passwall                       Transmutation/Earth          3
   d - Stone Arrow                    Conjuration/Earth            3
   e - Petrify                        Transmutation/Earth          4
   f - Lee's Rapid Deconstruction     Earth                        5
Comestibles
 g - a meat ration
 j - 2 bread rations
 m - a chunk of flesh


   Skills:
 - Level 1.5 Dodging
 - Level 2.1 Stealth
 + Level 3.0 Spellcasting
 + Level 1.4 Conjurations
 - Level 0.7 Transmutations
 * Level 6.4 Earth Magic


You had 4 spell levels left.
You knew the following spells:

 Your Spells              Type           Power        Failure   Level  Hunger
a - Sandblast             Erth           ###...       1%          1    #......
b - Stoneskin             Trmt/Erth      ##......     12%         2    ##.....
c - Stone Arrow           Conj/Erth      ##....       17%         3    ###....


Dungeon Overview and Level Annotations

Branches:
Dungeon (5/15)
 Temple: D:4-7

Altars:
Trog

Annotations:
D:5 Pikel


Innate Abilities, Weirdness & Mutations

You are resistant to torment.
You are immune to poison.
Your stone body is very resilient (AC +4).
You resist negative energy.
You are resistant to electric shocks.
You can survive without breathing.
You are immune to petrification.
You are immune to rotting.


Message History

Press: ? - help, Shift-Dir - straight line, f/p - ogre
Aim: an ogre, wielding a giant club (moderately wounded)
The blast of sand hits the ogre.
The ogre is moderately wounded.
Casting: Sandblast
Confirm with . or Enter, or press ? or * to list all spells.
Aiming: Sandblast
Press: ? - help, Shift-Dir - straight line, f/p - ogre
Aim: an ogre, wielding a giant club (moderately wounded)
The blast of sand hits the ogre.
The ogre is moderately wounded.
The ogre hits you with a giant club!
Read which item? (? for menu, Esc to quit)
Okay, then.
Drink which item? (? for menu, Esc to quit)
Okay, then.
b - 161 stones (in hand)
The ogre hits you with a giant club!!
Ouch! That really hurt!
You die...

..#########.# .# .## #.#
.# ## ####.# .# # #....#
##<###.## #.####
#.....b... #.# #.# # #.#
#.# ## #.# #O# .## #.#
#@# ..## ##.## #.#
...####...######.###....
...'.....................
...####...######.......#
..## ##.## #####.#.. .##
#.### .# ## #...# # #
###.#


You could see an ogre.

Vanquished Creatures
  A worker ant (D:4)
  A gnoll (D:1)
  6 adders
  5 worms
  An adder skeleton (D:4)
  2 giant geckos
  2 orcs (D:3)
  A ball python (D:2)
  3 giant cockroaches
  10 hobgoblins
  4 jackals (D:1)
  A quokka (D:3)
  7 bats
  3 giant newts
  8 goblins
  8 kobolds
  4 rats
67 creatures vanquished.

Notes
Turn   | Place    | Note
--------------------------------------------------------------
     0 | D:1      | schauveau, the Gargoyle Earth Elementalist, began the quest for the Orb.
     0 | D:1      | Reached XP level 1. HP: 10/10 MP: 3/3
   254 | D:1      | Reached skill level 4 in Earth Magic
   319 | D:1      | Reached XP level 2. HP: 6/15 MP: 1/4
   778 | D:1      | Reached XP level 3. HP: 16/19 MP: 4/6
  1002 | D:1      | Reached skill level 5 in Earth Magic
  1185 | D:1      | Learned a level 2 spell: Stoneskin
  1189 | D:1      | Learned a level 3 spell: Stone Arrow
  1390 | D:2      | Reached XP level 4. HP: 8/24 MP: 2/8
  2098 | D:2      | Reached XP level 5. HP: 28/28 MP: 6/10
  2256 | D:3      | Reached skill level 6 in Earth Magic
  2481 | D:4      | Reached skill level 1 in Conjurations
  3212 | D:5      | Entered Level 5 of the Dungeon
  3212 | D:5      | Found a bloodstained altar of Trog.
  3212 | D:5      | Noticed Pikel
  3212 | D:5      | Noticed a slave
  3212 | D:5      | Noticed a slave
  3214 | D:5      | Noticed a slave
  3359 | D:4      | Noticed an ogre
  3369 | D:4      | Slain by an ogre

Action                   |  1- 3 |  4- 6 || total
-------------------------+-------+-------++-------
Melee: Whip              |    92 |       ||    92
       Mace              |       |    49 ||    49
       Unarmed           |       |    17 ||    17
 Cast: Sandblast         |    41 |    77 ||   118
  Use: Scroll            |       |     8 ||     8
       Potion            |       |     4 ||     4
  Eat: Chunk             |     2 |     2 ||     4
       Bread ration      |       |     1 ||     1
